 Dungeon Crawl Stone Soup version 0.30.1-11-g7821555f0a (webtiles) character file.

Game seed: 5040558430019836523

0 leafyfresh the Sneak (level 1, -4/18 HPs)
             Began as a Barachi Delver on Nov 16, 2023.
             Slain by an iguana (7 damage)
             ... on level 4 of the Dungeon.
             The game lasted 00:00:32 (126 turns).

leafyfresh the Sneak (Barachi Delver)                Turns: 126, Time: 00:00:32

Health: -4/18      AC:  3    Str: 13    XL:     1   Next: 10%
Magic:  1/1        EV: 12    Int: 10    God:
Gold:   11         SH:  0    Dex: 13    Spells: 0/0 levels left

rFire   . . .        a - +0 falchion
rCold   . . .        (no shield)
rNeg    . . .        b - +0 leather armour
rPois   .            (no helmet)
rElec   .            (no cloak)
rCorr   .            (no gloves)
SInv    .            (no boots)
Will    .....        (no amulet)
Stlth   ++           (no ring)
HPRegen 0.23/turn    (no ring)
MPRegen 0.07/turn

%: no passive effects
@: slow
A: amphibious, slowness 1, strong legs 1, +LOS
a: Hop


You were on level 4 of the Dungeon.
You visited 1 branch of the dungeon, and saw 2 of its levels.

You collected 11 gold pieces.

Inventory:

Hand Weapons
 a - a +0 falchion (weapon)
Armour
 b - a +0 leather armour (worn)
Wands
 g - a wand of digging (3)
Scrolls
 c - a scroll of fog
 e - a scroll of fear
Potions
 f - a potion of haste
 h - a potion of brilliance {unknown}


   Skills:
 + Level 3.6 Fighting
 + Level 2.4 Long Blades
 + Level 2.2 Dodging
 + Level 4.5 Stealth


You couldn't memorise any spells.
You didn't know any spells.
Your spell library was empty.

Dungeon Overview and Level Annotations

Branches:
Dungeon (5/15)
 Temple: D:4-7

Altars:


Innate Abilities, Weirdness & Mutations

You are amphibious.
You cover ground slowly.
You can hop short distances.
You have an extended range of vision and can be seen from far away.


Message History

Found a stone staircase leading up.
The ufetubus shouts!
You hear an angry hiss.
Found 7 gold pieces.
There is a stone staircase leading up here.
You climb upwards.
You hear the hiss of flowing sand.
There is an entrance to an ossuary on this level.
Hurry and find it before the portal is buried!
The goblin shouts!
There is a stone staircase leading down here.
As you read the scroll of magic mapping, it crumbles to dust.
You feel aware of your surroundings.
You sensed 1 shop/portal.
You closely miss the goblin. The goblin hits you but does no damage.
You hit the goblin.
You kill the goblin!
No target in view!
No target in view!
No target in view!
Found a stone staircase leading up.
An iguana comes into view.
The iguana hisses angrily.
You hit the iguana but do no damage.
A ball python comes into view.
The iguana bites you!
The ball python moves out of view.
You closely miss the iguana. The iguana misses you.
You hit the iguana.
The iguana is lightly wounded.
The iguana bites you.
* * * LOW HITPOINT WARNING * * *
You slash the iguana!
The iguana is severely wounded.
The iguana bites you.
* * * LOW HITPOINT WARNING * * *
You barely miss the iguana.
The iguana is severely wounded.
You hear the slow hiss of a very distant avalanche of sand.
The iguana barely misses you.
You hit the iguana but do no damage.
The iguana is severely wounded.
The iguana bites you!
You die...

*****### ,,,,,..#******###
,*,,,...,,,,,,..# **# *******
,,,**#.#******#.###.#******,,,,,,
,*** #.# #....,,,,,,,,,,,,,, **
#.# #####..#*,,#****,******
##.####..##..##..# **,,*
#...........@lS..#**,,,**
#..####..##..##..#*,,,,,*****
##**#..# #.............,,,,,,,,,
...##..####.###..###.##..,,,*****
............#*#..#**,***,,,** *,
#####.#######,...#*,,,***,,* *,
#.# *,##.#,***,***,*****, #.#
*,*#..>* *,,,,,,,,,,, #.#
*,*...,***,**,,*****,


You could see an iguana and a ball python.

Vanquished Creatures
  A goblin (D:4)
1 creature vanquished.

Notes
Turn   | Place    | Note
-------+----------+-------------------------------------------
     0 | D:5      | leafyfresh the Barachi Delver began the quest for the Orb.
     0 | D:5      | Reached XP level 1. HP: 18/18 MP: 1/1
    54 | D:5      | Noticed an iguana
    54 | D:5      | Noticed an iguana
   118 | D:4      | Noticed an iguana
   126 | D:4      | Slain by an iguana

Illustrated notes

Levels and vault maps discovered:
D:4:      layout_loops_ring, lightli_ossuary_entry_decrepit_ruins, uniq_edmund
D:5:      cheibrodos_iron_armory, layout_basic, zin_academy,
          cheibrodos_ashenzari_chains, mainiacjoe_overflow_alcove_1,
          ebering_ghost_sewer_d, nicolae_fountain_basement

Action                     || total
---------------------------++-------
  Melee: Falchion          ||     8
    Use: Scroll            ||     1
 Armour: Leather armour    ||     1
  Dodge: Dodged            ||     2
